 Dungeon Crawl Stone Soup version 0.31.0-11-ge490571c62 (webtiles) character file.

Game seed: 7026485146262440702

231 hawla the Scratcher (level 5, 0/25 HPs)
             Began as a Felid Shapeshifter on Jan 27, 2024.
             Was a Follower of Makhleb.
             Slain by an adder (3 damage)
             ... on level 5 of the Dungeon.
             The game lasted 00:04:49 (2641 turns).

hawla the Scratcher (Felid Shapeshifter)            Turns: 2641, Time: 00:04:50

Health: 0/25       AC:  1    Str: 12    XL:     5   Next: 72%
Magic:  6/6        EV: 17    Int: 14    God:    Makhleb [*.....]
Gold:   193        SH:  5    Dex: 19    Spells: 4/4 levels left
                                        Lives:  0   Deaths: 2

rFire   . .          .
                       - Unarmed
rCold   . . .        (shield unavailable)
rNeg    . . .        (body armour unavailable)
rPois   .            (helmet unavailable)
rElec   .            (cloak unavailable)
rCorr   .            (gloves unavailable)
SInv    +            (boots unavailable)
Will    +....        d - amulet "Bimpoyn" {Reflect Will+ Dex+4 SH+5 SInv}
Stlth   ++           (no ring)
HPRegen 0.24/turn    (no ring)
MPRegen 0.10/turn

%: reflection
@: lethally poisoned (0 -> -1), beast-form
A: beast (slay +1), very small, claws 1, fangs 3, see invisible, shaggy fur 1,
stealthy paws, no weapons or thrown items, no armour, multi-lived
a: Begin Untransformation, Renounce Religion


You were on level 5 of the Dungeon.
You worshipped Makhleb.
Makhleb was aware of your devotion.
You were a hulking beast.
You visited 1 branch of the dungeon, and saw 5 of its levels.

You collected 193 gold pieces.

Inventory:

Jewellery
 d - the amulet "Bimpoyn" (around neck) {Reflect Will+ Dex+4 SH+5 SInv}
   (You acquired it on level 3 of the Dungeon)

   [amulet of reflection]

   Reflect:   It reflects blocked missile attacks.
   Dex+4:     It affects your dexterity (+4).
   Will+:     It increases your willpower.
   SInv:      It lets you see invisible.
   SH+5:      It affects your SH (+5).
Talismans
 b - a beast talisman
 c - a flux talisman
Scrolls
 e - a scroll of fear {unknown}
 f - a scroll of noise
 g - a scroll of poison {unknown}
 h - a scroll of fog
 k - a scroll of enchant armour {unknown}
Potions
 i - a potion of might
 j - 2 potions of degeneration {unknown}


   Skills:
 - Level 1.0 Fighting
 - Level 2.6 Dodging
 + Level 6.5 Unarmed Combat
 - Level 2.6 Shapeshifting


You had 4 spell levels left.
You didn't know any spells.
Your spell library was empty.

Dungeon Overview and Level Annotations

Branches:
Dungeon (5/15)
 Temple: D:4-7

Altars:
Makhleb

Annotations:
D:4 Grinder


Innate Abilities, Weirdness & Mutations

You are a hulking beast.
Your limbs bulge with bestial killing power. (Slay +1)
You have sharp claws.
You have razor-sharp teeth.
You have supernaturally acute eyesight. (SInv)
You are covered in fur. (AC +1)
Your paws help you pounce on unaware monsters.
You are incapable of wielding weapons or throwing items.
You cannot wear armour.
You gain extra lives every three experience levels.


Message History

There are monsters nearby!
Found a sling.
The jackal barks!
You hear an angry hiss.
An adder comes into view.
You claw the jackal!
You kill the jackal!
Makhleb accepts your kill.
You scratch the jackal.
The jackal is moderately wounded.
The jackal barely misses you.
You claw the jackal!
You kill the jackal!
Makhleb accepts your kill. The iguana closely misses you.
The adder completely misses you.
You closely miss the iguana. The iguana bites you!
The adder closely misses you.
You claw the iguana!
The iguana is almost dead.
The iguana bites you. The adder barely misses you.
The adder attacks as it pursues you! You block the adder's attack.
The adder misses you. The iguana attacks as it pursues you!
The iguana closely misses you. The adder misses you. The adder bites you.
You barely miss the adder. Your bite misses the adder. The adder bites you.
You are poisoned.
The adder poisons you!
You barely miss the adder.
You feel sick. You block the adder's attack.
You scratch the adder.
The adder is lightly wounded.
You feel sick. The adder misses you.
You miss the adder. Your bite misses the adder.
The adder is lightly wounded.
You feel sick. The adder bites you.
* * * LOW HITPOINT WARNING * * *
The adder completely misses you.
You miss the adder.
The adder is lightly wounded.
You feel sick. The adder bites you.
You die...

##########
#...(hSl.#
#.######.##
#.#####...###
#.##........#
#.##.##...#.#
#.##........$...
#.##..#.........
#.##..#......###
#.##. .....###


You could see an iguana and an adder.

Vanquished Creatures
  An orc priest (D:3)
  A bombardier beetle (D:3)
  Natasha (thrice) (D:3)
  3 adders
  A ribbon worm (D:3)
  2 dart slugs
  7 orcs
  4 endoplasms (D:3)
  3 giant cockroaches
  4 goblins (D:1)
  3 hobgoblins
  2 jackals (D:5)
  2 quokkas
  5 ball pythons
  6 bats
  6 frilled lizards
  4 kobolds
  6 rats
63 creatures vanquished.

Notes
Turn   | Place    | Note
-------+----------+-------------------------------------------
     0 | D:1      | hawla the Felid Shapeshifter began the quest for the Orb.
     0 | D:1      | Reached XP level 1. HP: 10/10 MP: 2/2
   125 | D:1      | Reached XP level 2. HP: 14/14 MP: 3/3
   224 | D:1      | Found a faded altar of an unknown god.
   339 | D:1      | Reached skill level 4 in Unarmed Combat
   892 | D:2      | Found a burning altar of Makhleb.
   913 | D:2      | Reached XP level 3. HP: 6/18 MP: 4/4
   930 | D:2      | Became a worshipper of Makhleb the Destroyer
  1653 | D:3      | Identified a scroll of acquirement
  1653 | D:3      | Acquired the amulet "Bimpoyn" {Reflect Will+ Dex+4 SH+5
                  | SInv}
  1705 | D:3      | Reached skill level 5 in Unarmed Combat
  1705 | D:3      | Reached XP level 4. HP: 22/22 MP: 5/5
  1705 | D:3      | Gained a life (2 lives remaining)
  1709 | D:3      | Noticed Natasha
  1731 | D:3      | HP: 1/22 [Natasha/magic dart (9)]
  1733 | D:3      | Killed Natasha
  1843 | D:3      | Noticed Natasha
  1849 | D:3      | Killed Natasha
  1850 | D:3      | Reached XP level 5. HP: 25/25 MP: 6/6
  1860 | D:3      | Noticed Natasha
  1867 | D:3      | Killed Natasha
  1868 | D:3      | Reached skill level 6 in Unarmed Combat
  2152 | D:3      | Reached * piety under Makhleb
  2245 | D:3      | You fall into a shaft and drop 1 floor!
  2264 | D:4      | Noticed a black bear
  2272 | D:4      | Incinerated by a bombardier beetle
  2272 | D:4      | Lost a life (1 life remaining)
  2578 | D:4      | Noticed Grinder
  2599 | D:5      | Entered Level 5 of the Dungeon
  2610 | D:5      | Mangled by an iguana
  2610 | D:5      | Lost a life (0 lives remaining)
  2641 | D:5      | Slain by an adder

Illustrated notes

Levels and vault maps discovered:
D:1:      lemuel_arrival_hallway, layout_rooms,
          shapermc_ecumenical_altar_notcrosses, serial_rivers,
          chequers_serial_rivers_large_a, chequers_serial_rivers_micro_b,
          chequers_serial_rivers_small_b, chequers_serial_rivers_room_a,
          chequers_serial_rivers_small_b
D:2:      layout_basic, basic_altar
D:3:      layout_basic, uniq_natasha
D:4:      layout_loops_ring, kennysheep_little_box,
          minmay_temple_entry_poolview, uniq_grinder
D:5:      layout_loops_ring, serial_shops, shop, uniq_ijyb

Skill      XL: |  1  2  3  4  5 |
---------------+----------------+-----
Unarmed Combat | 4 5 6 |  6.5
Fighting       | |  1.0
Dodging        | |  2.6
Shapeshifting  | |  2.6

Action                     |  1- 3 |  4- 6 || total
---------------------------+-------+-------++-------
  Melee: Unarmed           |    81 |    88 ||   169
         Bite              |     5 |     7 ||    12
         Punch             |     1 |     3 ||     4
    Use: Scroll            |     5 |       ||     5
         Potion            |     2 |     3 ||     5
   Stab: Sleeping          |     2 |       ||     2
 Armour: Skin              |    44 |    33 ||    77
  Dodge: Dodged            |    59 |    80 ||   139
  Block: Other             |       |    22 ||    22
